 Dungeon Crawl Stone Soup version 0.17-a0-1882-g750edc8 (webtiles) character file.

1124 4thArraOfDagon the Chopper (level 8, -6/73 HPs)
             Began as a Deep Dwarf Berserker on Sept 22, 2015.
             Was a Believer of Trog.
             Mangled by a komodo dragon (26 damage)
             ... on level 9 of the Dungeon.
             The game lasted 00:10:24 (1278 turns).

4thArraOfDagon the Chopper (Deep Dwarf Berserker)   Turns: 1278, Time: 00:10:24

Health: -6/73      AC:  9    Str: 24    XL:     8   Next: 13%
Magic:  9/9        EV: 11    Int:  7    God:    Trog [**....]
Gold:   93         SH:  0    Dex: 12    Spells: 0 memorised, 7 levels left

rFire  . . .     SeeInvis .     a - +0 hand axe
rCold  . . .     Clarity  .     l - +0 ring mail
rNeg   + . .     SustAt   .     (no shield)
rPois  .         Gourm    .     i - +0 helmet
rElec  .         Spirit   .     y - +1 cloak
rCorr  .         Warding  .     (no gloves)
rMut   .         Stasis   .     (no boots)
MR     +++..                    (no amulet)
Stlth  +.........               (no ring)
                                z - ring of positive energy

@: non-regenerating, extremely resistant to hostile enchantments, very
unstealthy
A: damage resistance, recharge devices, sense surroundings 1, slow healing 3
a: Device Recharging, Burn Spellbooks, Berserk, Trog's Hand, Renounce Religion


You were on level 9 of the Dungeon.
You worshipped Trog.
Trog was pleased with you.
You were not hungry.

You visited 1 branch of the dungeon, and saw 9 of its levels.
You also visited: Sewer and Ossuary.

You collected 93 gold pieces.

Inventory:

Hand weapons
 a - a +0 hand axe (weapon)
Armour
 b - a +0 animal skin
 i - a +0 helmet (worn)
 l - a +0 ring mail (worn)
 y - a +1 cloak (worn)
Jewellery
 z - a ring of positive energy (left hand)
Magical devices
 c - a wand of heal wounds (2)
 f - a wand of cold (1)
 k - a wand of digging (7)
Scrolls
 e - 3 scrolls of enchant weapon {unknown}
 o - a scroll of enchant armour {unknown}
 x - a scroll of teleportation {unknown}
 C - a scroll of summoning {unknown}
Potions
 g - 4 potions of curing
 h - 2 potions of brilliance
 m - a potion of resistance
 n - a potion of cure mutation {unknown}
 p - a potion of ambrosia
 q - 3 potions of agility
 r - a potion of magic
 s - a potion of cancellation
 u - a potion of lignification
 v - 3 potions of flight
 w - a potion of might
Comestibles
 d - a bread ration
 j - 3 meat rations
 A - a fruit
 B - 15 chunks of flesh


   Skills:
 + Level 4.8 Fighting
 * Level 7.7 Axes
 + Level 5.6 Armour
 - Level 2.1 Dodging
 - Level 3.5 Evocations


You had 7 spell levels left.
You didn't know any spells.

Dungeon Overview and Level Annotations

Branches:
Dungeon (9/15)
 Temple: D:4-7         Lair: D:8-11         Orc: D:9-12

Altars:

Shops:
D:5 [


Innate Abilities, Weirdness & Mutations

You are resistant to damage.
You can recharge devices by infusing magical energy.
You passively map a small area around you.
You do not heal naturally.


Message History

You hit the komodo dragon but do no damage.
The komodo dragon is almost dead.
The komodo dragon misses you.
You closely miss the komodo dragon.
The komodo dragon is almost dead.
The komodo dragon bites you!!
You hit the komodo dragon but do no damage.
The komodo dragon is almost dead.
The komodo dragon bites you!!
You hit the komodo dragon.
The komodo dragon is almost dead.
The komodo dragon bites you!!
* * * LOW HITPOINT WARNING * * *
Unknown command.
Evoke which item? (* to show all) (? for menu, Esc to quit)
Zapping:
c - a wand of heal wounds (3)
Press: ? - help, Shift-Dir - straight line, f - you, p - komodo dragon You feel much better.
This wand has 2 charges left.
The komodo dragon bites you!!
You die...

* *, , , , *
,, ** *+* ,
*, * * , , ,
#######.##
#<@....... ,
#.l....... ,
#......... *
, *
.......... ,
.#......... ,
#.#.........,
, , .
#......... ,
*##
#......... *
, *


You could see a komodo dragon.

Vanquished Creatures
  A crocodile (D:8)
  A big kobold (D:7)
  A centaur (D:8)
  A giant frog (D:7)
  A scorpion (D:5)
  A crimson imp (D:5)
  5 bog bodies (Ossuary)
  3 giant frog zombies (Ossuary)
  A giant frog skeleton (D:5)
  3 orc wizards (D:5)
  2 iguanas
  3 killer bee zombies (Ossuary)
  2 hound zombies (Ossuary)
  11 mummies (Ossuary)
  Robin (D:2)
  2 worker ant zombies (Ossuary)
  An adder (D:5)
  A river rat (D:3)
  A shadow imp (D:5)
  An adder zombie (Ossuary)
  2 orcs
  3 giant cockroaches (D:3)
  6 goblins (D:2)
  6 hobgoblins
  7 kobolds
  A quokka (D:5)
  2 ball pythons (D:3)
  A bat (D:2)
  A giant gecko zombie (Ossuary)
  A giant newt (D:2)
  A jackal zombie (Ossuary)
  4 rats
78 creatures vanquished.

Notes
Turn   | Place    | Note
--------------------------------------------------------------
     0 | D:1      | 4thArraOfDagon the Deep Dwarf Berserker began the quest for the Orb.
     0 | D:1      | Reached XP level 1. HP: 20/20 MP: 1/1
    84 | D:2      | Noticed Robin
    91 | D:2      | Reached XP level 2. HP: 27/27 MP: 2/2
    93 | D:2      | Killed Robin
   166 | D:3      | Reached XP level 3. HP: 25/33 MP: 3/3
   173 | D:3      | Found a glowing drain.
   180 | D:3      | Acquired Trog's second power
   188 | D:3      | Reached skill level 4 in Axes
   212 | Sewer    | Entered a sewer
   248 | D:5      | Entered Level 5 of the Dungeon
   257 | D:5      | Noticed a scorpion
   262 | D:5      | Reached skill level 1 in Evocations
   264 | D:5      | Killed a scorpion
   264 | D:5      | Reached XP level 4. HP: 34/42 MP: 3/5
   269 | D:5      | Reached XP level 5. HP: 37/49 MP: 3/6
   311 | D:5      | Found Feel's Antique Armour Shop.
   349 | D:5      | Found a sand-covered staircase.
   359 | Ossuary  | Entered an ossuary
   368 | Ossuary  | Reached skill level 5 in Axes
   369 | Ossuary  | Reached XP level 6. HP: 37/56 MP: 6/8
   513 | Ossuary  | Reached skill level 6 in Axes
   561 | Ossuary  | Reached XP level 7. HP: 63/63 MP: 9/9
   847 | D:5      | Reached skill level 5 in Armour
  1036 | D:5      | Reached skill level 7 in Axes
  1171 | D:8      | Reached XP level 8. HP: 30/73 MP: 9/9
  1267 | D:9      | Noticed a komodo dragon
  1277 | D:9      | HP: 1/73 [komodo dragon (24)]
  1278 | D:9      | Mangled by a komodo dragon

Vault maps used:
D:1:      dpeg_arrival_leaves_temple_mockup, minmay_gold_behind_fungi,
          hangedman_decor_diamond_cutter
D:2:      grunt_temple_overflow_growth_and_decay, minmay_stone_trees_small,
          fountainhead, tso_altar, uniq_robin
D:3:      overflow_temple_1_default, first_bread, portal_sewer_entry_a
D:4:      lemuel_round_altar, uniq_pikel, uniq_edmund
D:5:      nicolae_ossuary_entry_monument, serial_shops, shop
D:7:      okawaru_trees_2, minmay_temple_entry_enclosed_plants,
          kennysheep_generic_room_15
D:8:      zin_purify, uniq_gastronok, uniq_prince_ribbit1
D:9:      lemuel_crystal_altar, hangedman_little_slice_of_home
Sewer:    sewer_co_scattered_pipes
Ossuary:  ossuary_zaba_flooded

Action                   |  1- 3 |  4- 6 |  7- 9 || total
-------------------------+-------+-------+-------++-------
Melee: Hand axe          |    34 |    93 |   101 ||   228
Invok: Berserk           |     3 |     4 |     6 ||    13
       Trog's Hand       |       |     5 |     2 ||     7
 Abil: Device Recharging |       |       |     1 ||     1
Evoke: Wand              |       |       |    10 ||    10
  Use: Scroll            |     1 |     3 |     8 ||    12
       Potion            |       |       |     2 ||     2
  Eat: Chunk             |       |     4 |     2 ||     6
       Bread ration      |       |     1 |     1 ||     2
       Pizza             |       |     1 |       ||     1
